Description

With this build order you can get to Golden-Diamond. Even beginers can make it. Don't afraid to make 2-3 seconds late, this will not harm you (Maybe). Sometimes you will lose to Protoss, cuz protoss need nerf. P.S: Try to win in 12 minutes if you can't just surrender. P.S.S: Only 1 Command Centre and 22 SCV will needed. P.S.S.S: Sorry if my english very scary and odd. I'm Russian.

Replay - Orbital Shipyard (135)

Build Order

Get SALT Encoding   

  12  0:01  SCV . Send it to the ramp.  
  13  0:14  SCV ...  
  14  0:22  Supply Depot . Here it is - the first one.  
  14  0:26  Refinery . Gas.. You'll need it.  
  14  0:29  SCV ...  
  15  0:44  SCV ...  
  15  0:47  Barracks . Build-a-wall!  
  16  0:56  SCV . Heh, greetings.  
  17  1:08  SCV . Beersucka!  
  17  1:09  Refinery . Second gas... Good.  
  18  1:20  SCV . Umm... did I need to comment?  
  18  1:22  Supply Depot . Another one.  
  19  1:35  Factory . Here it is!  
  19  1:42  Orbital Command , We require moAR mineralz!  
  19  1:48  Barracks Reactor . Wanna trouble? Get it double!  
  19  2:13  SCV . Yes, yes... yes?  
  19  2:14  Factory Second gate of DOOM.  
  20  2:26  Marine x2 . Jessie & James  
  20  2:28  Supply Depot, Factory Tech Lab . We need more pokemons!, . Ready for it?  
  22  2:32  SCV . Next~  
  23  2:45  SCV . NEXT!  
  24  2:54  Cyclone . *Vulgar noises*  
  28  2:59  Factory Reactor . Mah baby! ~ Torbjorn: Overwatch  
  28  3:11  Supply Depot . Hmm... Did I need it?  
  28  3:27  Cyclone . *More vulgar noises*  
  31  3:37  Hellion x2 . heh... GG m8.  
  35  3:50  Supply Depot . Again...  
  35  3:59  Cyclone ...  
  35  4:01  Widow Mine . You must protect workers!  
  40  4:32  Hellion x2 ...  
  40  4:35  Cyclone . * Finds anime CD*  
  47  4:54  Hellion x2 . Oh... School, another comedy.  
  51  5:07  Cyclone I'm a Red Cyclone ~ Zangief, SF  
  54  5:15  Hellion x2 ...  
  58  5:36  Hellion x2 . We need more...  
  58  5:40  Cyclone . Go and fight now.  
  62  6:12  Cyclone . Keep buildin', we need backup.  
Spawning Tool Build Advisor. Get it on Overwolf

Analysis

Have Funenter link description here

Go to:

Details

  • Created by: GrimlokFox
  • Published on: Jun 12, 2019
  • Modified on: Jun 12, 2019
  • Patch: 4.7.1
Show
View Real Time Build Order
Export as new Build Order

Comments (1)

On June 12, 2019, 9:15 a.m., GrimlokFox  said:

I hope you like it.
Good luck!

Create an account to comment!